 Dungeon Crawl Stone Soup version 0.31-a0-202-g547052bce9 (webtiles) character file.

Game seed: 15321176870279753295

310 qw the Skirmisher (level 6, -7/35 HPs)
             Began as a Deep Elf Hunter on June 26, 2023.
             Killed from afar by Ijyb (16 damage)
             ... with an iceblast
             ... on level 4 of the Dungeon.
             The game lasted 00:00:51 (2031 turns).

qw the Skirmisher (Deep Elf Hunter)                 Turns: 2031, Time: 00:00:51

Health: -7/35      AC:  3    Str: 10    XL:     6   Next: 18%
Magic:  8/8        EV: 13    Int: 14    God:
Gold:   270        SH:  0    Dex: 18    Spells: 5/5 levels left

rFire   + . .        Y - +0 arbalest
rCold   + . .        (shield currently unavailable)
rNeg    . . .        c - +0 leather armour
rPois   .            (no helmet)
rElec   .            i - scarf {rC+ rF+}
rCorr   .            (no gloves)
SInv    .            (no boots)
Will    +....        (no amulet)
Stlth   ++           k - +4 ring of slaying {mikee}
HPRegen 0.25/turn    b - ring of willpower
MPRegen 0.11/turn

%: no passive effects
@: no status effects
A: no striking features
a: no special abilities


You were on level 4 of the Dungeon.
You visited 1 branch of the dungeon, and saw 4 of its levels.

You collected 270 gold pieces.


   Skills:
 + Level 1.7 Fighting
 - Level 9.4 Ranged Weapons
 - Level 3.3 Dodging
 - Level 1.2 Stealth


You had 5 spell levels left.
You didn't know any spells.
Your spell library was empty.

Inventory:

Hand Weapons
 Y - a +0 arbalest (weapon)
Armour
 c - a +0 leather armour (worn)
 d - a +0 cloak
 g - a +0 pair of gloves
 i - a scarf of resistance (worn)
 p - a scarf of shadows
Jewellery
 b - a ring of willpower (right hand)
 e - a ring of protection from cold
 k - a +4 ring of slaying (left hand) {mikee}
 m - an amulet of magic regeneration
Scrolls
 h - 2 scrolls of identify
 n - a scroll of silence {unknown}
 o - 2 scrolls of enchant armour {unknown}
Potions
 a - 3 potions of might
 f - 2 potions of curing {unknown}
 j - a potion of resistance
 l - a potion of enlightenment {unknown}

Dungeon Overview and Level Annotations

Branches:
Dungeon (4/15)
 Temple: D:4-7

Altars:
Dithmenos
Uskayaw

Shops:
D:2 (   D:4 (

Annotations:
D:4 Ijyb


Message History

Enter note:
Enter note:
Enter note:
Enter note:
2021 ||| FLEEEEING.
You hear a zap.
An iceblast appears from out of thin air!
The mass of ice explodes!
The iceblast engulfs you. You partially resist.
2022 ||| FLEEEEING.
You hear a zap.
An iceblast appears from out of thin air!
The mass of ice explodes!
The iceblast engulfs you! You partially resist.
2023 ||| FLEEEEING.
2024 ||| STILL FLEEEEING.
2025 ||| FLEEEEING.
2026 ||| STILL FLEEEEING.
2027 ||| FLEEEEING.
Enter note:
Enter note:
Enter note:
Enter note:
Enter note:
Enter note:
Enter note:
Enter note:
Enter note:
Enter note:
Enter note:
Enter note:
Enter note:
Enter note:
Enter note:
2028 ||| FLEEEEING.
2029 ||| FLEEEEING.
2030 ||| FLEEEEING.
2031 ||| FLEEEEING.
You hear a zap.
An iceblast appears from out of thin air!
The mass of ice explodes!
The iceblast engulfs you! You partially resist.
You die...

....# ##......## ##..### ..###
#......# ##.....# ### ###...##
#..)##..# .# ##..## ##...# ...
.######## ##..###...## .
........# ##..#....# ....###.#
##......# #...... #####...#
#..#[.## #...... ##.#..#.#
##@..## #...... ###..##.#
##....### #...... (....##.#
##.......### #...... ..8.###.##
##.....>#...####......
8#..#.#..###.....####.{g..#......
..##.##..##....### ###..........
#...#.#......### ###........
..###.#.....## ##.......
#.##.##....## ###.....


You could see a goblin.

Vanquished Creatures
  An orc warrior (D:4)
  A hound (D:4)
  An orc priest (D:4)
  An orc wizard (D:4)
  A gnoll (D:1)
  3 adders
  3 worms
  3 dart slugs
  6 orcs
  5 ball pythons
  5 bats
  9 endoplasms
  2 giant cockroaches
  6 hobgoblins
  5 jackals
  7 kobolds
  A quokka (D:3)
  5 frilled lizards
  5 goblins
  5 rats
75 creatures vanquished.

Notes
Turn   | Place    | Note
-------+----------+-------------------------------------------
     0 | D:1      | qw the Deep Elf Hunter began the quest for the Orb.
     0 | D:1      | Reached XP level 1. HP: 12/12 MP: 3/3
     0 | D:1      | 0 ||| qw: Version: 0.3-a-22-g0ed2b0b
     0 | D:1      | 0 ||| qw: Game counter: 6229
     0 | D:1      | 0 ||| qw: Melee chars always use a shield: true
     0 | D:1      | 0 ||| qw: God list: Okawaru
     0 | D:1      | 0 ||| qw: Allow faded altars: false
     0 | D:1      | 0 ||| qw: Do Orc after clearing Dungeon:15 true
     0 | D:1      | 0 ||| qw: Do second Lair branch before Depths: true
     0 | D:1      | 0 ||| qw: Lair rune preference: random
     0 | D:1      | 0 ||| qw: Goals: Normal
     0 | D:1      | 0 ||| PLANNING D:1-11
    69 | D:1      | 69 ||| SWAPPING to +0 arbalest.
    74 | D:1      | 74 ||| DROPPING +0 shortbow.
    91 | D:1      | Reached XP level 2. HP: 16/16 MP: 4/4
   103 | D:1      | Reached skill level 6 in Ranged Weapons
   280 | D:1      | Reached XP level 3. HP: 20/20 MP: 5/5
   481 | D:1      | 481 ||| UPGRADING to +0 cloak.
   486 | D:1      | 486 ||| UPGRADING to scarf of resistance.
   496 | D:1      | 496 ||| UPGRADING to +4 ring of slaying {mikee}.
   497 | D:1      | 497 ||| READING 2 scrolls labelled RUVIOMY GILE.
   498 | D:1      | 498 ||| READING scroll labelled MAYCIHE VUNAFO.
   499 | D:1      | 499 ||| DRINKING 2 inky potions.
   500 | D:1      | 500 ||| DRINKING 2 glowing yellow potions.
   501 | D:1      | 501 ||| DROPPING scroll of butterflies.
   545 | D:2      | Reached skill level 7 in Ranged Weapons
   625 | D:2      | Found Musunuuf's Weapon Emporium.
   896 | D:2      | 896 ||| UPGRADING to ring of willpower.
   939 | D:3      | Reached XP level 4. HP: 25/25 MP: 6/6
   942 | D:3      | Found a shadowy altar of Dithmenos.
  1158 | D:3      | 1158 ||| FLEEEEING.
  1531 | D:3      | 1531 ||| READING scroll labelled GYEPSE YGRUSEI.
  1532 | D:3      | 1532 ||| READING scroll labelled GOX GOMPORI.
  1533 | D:3      | 1533 ||| READING scroll labelled ZOBU YRUWK.
  1534 | D:3      | 1534 ||| DRINKING 2 viscous red potions.
  1544 | D:3      | 1544 ||| DROPPING potion of ambrosia.
  1565 | D:4      | Reached skill level 8 in Ranged Weapons
  1566 | D:4      | Found a hide-covered altar of Uskayaw.
  1648 | D:4      | Found Baiddoec's Weapon Emporium.
  1703 | D:4      | Reached XP level 5. HP: 29/29 MP: 7/7
  1857 | D:4      | Noticed an orc warrior
  1862 | D:4      | Killed an orc warrior
  1863 | D:4      | Reached skill level 9 in Ranged Weapons
  1864 | D:4      | Reached XP level 6. HP: 31/34 MP: 8/8
  1866 | D:4      | Reached skill level 3 in Dodging
  1869 | D:4      | 1869 ||| FLEEEEING.
  1870 | D:4      | 1870 ||| FLEEEEING.
  2011 | D:4      | Noticed Ijyb
  2017 | D:4      | 2017 ||| FLEEEEING.
  2018 | D:4      | 2018 ||| FLEEEEING.
  2019 | D:4      | 2019 ||| FLEEEEING.
  2020 | D:4      | 2020 ||| FLEEEEING.
  2021 | D:4      | 2021 ||| FLEEEEING.
  2022 | D:4      | 2022 ||| FLEEEEING.
  2022 | D:4      | HP: 7/35 [something/iceblast (7)]
  2023 | D:4      | 2023 ||| FLEEEEING.
  2025 | D:4      | 2025 ||| FLEEEEING.
  2027 | D:4      | 2027 ||| FLEEEEING.
  2028 | D:4      | 2028 ||| FLEEEEING.
  2029 | D:4      | 2029 ||| FLEEEEING.
  2030 | D:4      | 2030 ||| FLEEEEING.
  2031 | D:4      | 2031 ||| FLEEEEING.
  2031 | D:4      | Killed from afar by Ijyb

Levels and vault maps discovered:
D:1:      lemuel_arrival_cross, layout_rooms
D:2:      layout_basic, serial_shops, nicolae_shop_real_fake_doors
D:3:      layout_loops_ring, grunt_dithmenos_smoke_and_mirrors
D:4:      layout_cave_pods, eat_drink_and_be_merry_uskayaw,
          nicolae_vehumet_altar_sigil, serial_shops, shop,
          guppyfry_early_orc_mine, uniq_ijyb

Skill      XL: |  1  2  3  4  5  6 |
---------------+-------------------+-----
Ranged Weapons | 6 7 8 9 |  9.4
Dodging        | 3 |  3.3
Fighting       | |  1.7
Stealth        | |  1.2

Action                     |  1- 3 |  4- 6 || total
---------------------------+-------+-------++-------
   Fire: Shortbow          |    11 |       ||    11
         Arbalest          |    53 |    67 ||   120
    Use: Scroll            |     2 |     3 ||     5
         Potion            |     2 |     1 ||     3
 Armour: Leather armour    |       |     3 ||     3
  Dodge: Dodged            |     7 |     5 ||    12

Table legend:
 A = Non-vault XP
 B = Vault XP
 C = Vault XP percentage of total XP
 D = Non-vault monster count
 E = Vault monster count
 F = Vault count percentage of total count
                 A         B        C        D         E       F
            +---------+---------+-------+---------+---------+-------
      Total |     219 |     225 |  50.7 |      68 |       7 |   9.3
            +---------+---------+-------+---------+---------+-------
        D:1 |      55 |       0 |   0.0 |      26 |       0 |   0.0
        D:2 |      38 |       0 |   0.0 |      11 |       0 |   0.0
        D:3 |      47 |       0 |   0.0 |      20 |       0 |   0.0
        D:4 |      79 |     225 |  74.0 |      11 |       7 |  38.9
            +---------+---------+-------+---------+---------+-------
